 Dungeon Crawl Stone Soup version 0.31.0-11-ge490571c62 (webtiles) character file.

Game seed: 10319114752477406629

607 qw the Skirmisher (level 7, -8/40 HPs)
             Began as a Deep Elf Hunter on Feb 4, 2024.
             Killed from afar by an orc wizard (10 damage)
             ... with a puff of flame
             ... on level 4 of the Dungeon.
             The game lasted 00:00:13 (2795 turns).

qw the Skirmisher (Deep Elf Hunter)                 Turns: 2795, Time: 00:00:13

Health: -8/40      AC:  8    Str: 10    XL:     7   Next: 19%
Magic:  9/9        EV: 11    Int: 14    God:
Gold:   263        SH:  0    Dex: 18    Spells: 6/6 levels left

rFire   . . .        a - +0 shortbow (heavy)
rCold   . . .        (shield currently unavailable)
rNeg    . . .        e - +0 ring mail
rPois   .            m - +2 hat
rElec   .            h - +0 cloak
rCorr   .            (no gloves)
SInv    .            (no boots)
Will    +....        (no amulet)
Stlth   +            d - ring of willpower
HPRegen 0.26/turn    (no ring)
MPRegen 0.11/turn

%: no passive effects
@: no status effects
A: no striking features
a: no special abilities


You were on level 4 of the Dungeon.
You visited 1 branch of the dungeon, and saw 5 of its levels.

You collected 263 gold pieces.


   Skills:
 - Level 2.5 Fighting
 + Level 10.5 Ranged Weapons
 - Level 1.0 Armour
 - Level 3.0 Dodging
 - Level 1.2 Stealth


You had 6 spell levels left.
You didn't know any spells.
Your spell library was empty.

Inventory:

Hand Weapons
 a - a +0 heavy shortbow (weapon)
Armour
 e - a +0 ring mail (worn)
 h - a +0 cloak (worn)
 m - a +2 hat (worn)
Jewellery
 d - a ring of willpower (left hand)
Wands
 c - a wand of digging (3)
Scrolls
 n - a scroll of teleportation
Potions
 f - a potion of attraction {unknown}
 i - a potion of mutation
 j - a potion of enlightenment
 k - a potion of curing
 l - a potion of brilliance {unknown}

Dungeon Overview and Level Annotations

Branches:
Dungeon (5/15)
 Temple: D:4-7

Altars:

Shops:
D:1 [


Message History

There are monsters nearby!
Waypoint 4 assigned to D:5.
You shoot an arrow. The arrow hits the orc wizard.
The orc wizard is lightly wounded.
You hear a shout!
A gnoll comes into view. It is wielding a +0 club.
The orc priest mumbles some strange prayers to Beogh against you.
Beogh smites you!
2788 ||| STAIRDANCE The orc priest miscasts a cantrip.
The orc wizard hits you but does no damage.
The gnoll completely misses you.
You climb upwards.
There is a stone staircase leading down here.
You shoot an arrow.
The arrow closely misses the orc wizard.
The gnoll hits you with a +0 club.
The orc wizard casts a spell.
The orc wizard flickers and vanishes!
Deactivating autopickup; reactivate with Ctrl-A.
You shoot an arrow. The arrow hits the gnoll!
The gnoll is almost dead.
The gnoll completely misses you. Something hits you but does no damage.
The gnoll hits you with a +0 club. Something hits you but does no damage.
You shoot an arrow. The arrow hits the gnoll.
You kill the gnoll!
You hear some strange, mumbled words.
A puff of flame appears from out of thin air!
The puff of flame hits you!
You shoot an arrow. Something hits you.
You hear some strange, mumbled words.
A puff of flame appears from out of thin air!
The puff of flame hits you!
You shoot an arrow. Something hits you but does no damage.
You shoot an arrow.
You hear some strange, mumbled words.
A puff of flame appears from out of thin air!
The puff of flame hits you!
You die...

##...##...####......###....
##.................#........
#.......................###.
#...........<......####..##.
#........).........# ##..#.
##.................# ##...
##...##...........# ####
########).......(#
#{@.......# ###########


There were no monsters in sight!

Vanquished Creatures
  Menkaure (D:4)
  A black bear (D:4)
  An ogre (D:4)
  Natasha (thrice) (D:3)
  3 iguanas
  5 gnolls
  3 adders
  A dart slug (D:3)
  3 ribbon worms
  5 orcs
  7 bats
  5 endoplasms
  9 giant cockroaches
  6 goblins
  5 hobgoblins
  3 jackals (D:1)
  9 ball pythons
  A frilled lizard (D:1)
  3 kobolds
  6 rats
80 creatures vanquished.

Notes
Turn   | Place    | Note
-------+----------+-------------------------------------------
     0 | D:1      | qw the Deep Elf Hunter began the quest for the Orb.
     0 | D:1      | Reached XP level 1. HP: 12/12 MP: 3/3
     0 | D:1      | 0 ||| qw: Version: 0.3-a-160-g6735b56
     0 | D:1      | 0 ||| qw: Game counter: 5723
     0 | D:1      | 0 ||| qw: Melee chars always use a shield: true
     0 | D:1      | 0 ||| qw: God list: Okawaru
     0 | D:1      | 0 ||| qw: Allow faded altars: false
     0 | D:1      | 0 ||| qw: Do Orc after clearing Dungeon:15 true
     0 | D:1      | 0 ||| qw: Do second Lair branch before Depths: true
     0 | D:1      | 0 ||| qw: Lair rune preference: random
     0 | D:1      | 0 ||| qw: Goals: Normal
     0 | D:1      | 0 ||| PLANNING D:1-11
   154 | D:1      | Found Poplim's Armour Shop.
   159 | D:1      | Reached skill level 6 in Ranged Weapons
   159 | D:1      | Reached XP level 2. HP: 16/16 MP: 4/4
   178 | D:1      | 178 ||| SHOPLISTING +0 cloak (54 gold, have 18).
   471 | D:1      | Reached XP level 3. HP: 20/20 MP: 5/5
   795 | D:1      | 795 ||| UPGRADING to +0 cloak.
   800 | D:1      | 800 ||| UPGRADING to ring of willpower.
   801 | D:1      | 801 ||| READING scroll labelled ZAOLOEF ENWUS.
   802 | D:1      | 802 ||| READING scroll labelled UNYEPTA PAAFID.
   806 | D:1      | 806 ||| READING scroll labelled ACIP LUDOAGGYUVUS.
   806 | D:1      | 806 ||| IDENTIFYING fuming coppery potion
   807 | D:1      | 807 ||| DROPPING scroll of butterflies.
   840 | D:2      | Reached skill level 7 in Ranged Weapons
   964 | D:2      | Identified the +8 hand axe of the Grave {spect, ^Fragile
                  | rF++ Str+6}
  1026 | D:2      | Found a faded altar of an unknown god.
  1575 | D:2      | 1575 ||| UPGRADING to +2 hat.
  1580 | D:2      | 1580 ||| DROPPING ring of flight.
  1581 | D:2      | 1581 ||| READING scroll of identify.
  1581 | D:2      | 1581 ||| IDENTIFYING white potion
  1582 | D:2      | 1582 ||| READING scroll labelled CIREJI HOBUIDYICRI.
  1583 | D:2      | 1583 ||| READING scroll labelled QAET VORRUMU.
  1583 | D:2      | 1583 ||| BRANDING +0 shortbow.
  1584 | D:2      | 1584 ||| READING scroll labelled UFFIFULI QAUC.
  1586 | D:2      | 1586 ||| Stepping ~*~*~tactically~*~*~ (cloud).
  1591 | D:2      | HP: 5/20 [poisoned by you (poison gas)]
  1595 | D:2      | HP: 2/20 [poisoned by you (poison gas)]
  1720 | D:3      | 1720 ||| STAIRDANCE
  1732 | D:3      | 1732 ||| STAIRDANCE
  1756 | D:3      | 1756 ||| STAIRDANCE
  1845 | D:3      | Reached XP level 4. HP: 25/25 MP: 6/6
  1957 | D:3      | Noticed Natasha
  1959 | D:3      | Killed Natasha
  1959 | D:3      | Noticed Natasha
  1964 | D:3      | Killed Natasha
  1965 | D:3      | Reached skill level 8 in Ranged Weapons
  2018 | D:3      | Reached XP level 5. HP: 28/29 MP: 7/7
  2176 | D:3      | Noticed Natasha
  2179 | D:3      | Killed Natasha
  2195 | D:3      | 2195 ||| UPGRADING to +0 ring mail.
  2205 | D:3      | 2205 ||| DROPPING +0 leather armour.
  2206 | D:3      | 2206 ||| DROPPING +6 ring of intelligence.
  2207 | D:3      | 2207 ||| READING scroll of identify.
  2207 | D:3      | 2207 ||| IDENTIFYING smoky coppery potion
  2208 | D:3      | 2208 ||| READING scroll labelled ARREIL HETHO.
  2261 | D:3      | 2261 ||| DRINKING 2 lumpy brown potions.
  2262 | D:3      | 2262 ||| DROPPING potion of ambrosia.
  2278 | D:4      | Noticed Menkaure
  2281 | D:4      | 2281 ||| STAIRDANCE
  2372 | D:4      | Killed Menkaure
  2373 | D:4      | Reached skill level 9 in Ranged Weapons
  2373 | D:4      | Reached XP level 6. HP: 34/34 MP: 8/8
  2396 | D:4      | Reached skill level 10 in Ranged Weapons
  2430 | D:4      | Reached skill level 3 in Dodging
  2522 | D:4      | Reached skill level 1 in Armour
  2545 | D:4      | Reached XP level 7. HP: 40/40 MP: 9/9
  2778 | D:4      | 2778 ||| READING scroll labelled TEARAAFU LIRCHO.
  2786 | D:5      | Entered Level 5 of the Dungeon
  2788 | D:5      | 2788 ||| STAIRDANCE
  2793 | D:4      | HP: 2/40 [something/puff of flame (10)]
  2795 | D:4      | Killed from afar by an orc wizard

Levels and vault maps discovered:
D:1:      lemuel_arrival_tunnels, layout_loops_ring, serial_shops,
          nicolae_shop_tiny_statue_garden
D:2:      layout_loops_cross, nicolae_ecumenical_lake_church,
          minmay_misc_feat_four_crosses
D:3:      layout_rooms, uniq_natasha
D:4:      layout_rooms, uniq_menkaure
D:5:      layout_basic, cheibrodos_worm_habitat, amcnicky_altar_gilded

Skill      XL: |  1  2  3  4  5  6 |
---------------+-------------------+-----
Ranged Weapons | 6 7 8 9 10 | 10.5
Fighting       | 2 |  2.5
Dodging        | 3 |  3.0
Armour         | 1 |  1.0
Stealth        | |  1.2

Action                     |  1- 3 |  4- 6 |  7- 9 || total
---------------------------+-------+-------+-------++-------
   Fire: Shortbow          |   109 |    95 |    14 ||   218
    Use: Scroll            |     7 |     2 |     1 ||    10
         Potion            |       |     1 |       ||     1
 Armour: Leather armour    |    23 |    11 |       ||    34
         Ring mail         |       |    15 |    10 ||    25
  Dodge: Dodged            |     9 |    27 |     2 ||    38

Table legend:
 A = Non-vault XP
 B = Vault XP
 C = Vault XP percentage of total XP
 D = Non-vault monster count
 E = Vault monster count
 F = Vault count percentage of total count
                 A         B        C        D         E       F
            +---------+---------+-------+---------+---------+-------
      Total |     660 |     208 |  24.0 |      78 |       2 |   2.5
            +---------+---------+-------+---------+---------+-------
        D:1 |      48 |       0 |   0.0 |      21 |       0 |   0.0
        D:2 |      33 |       0 |   0.0 |      12 |       0 |   0.0
        D:3 |     151 |      36 |  19.3 |      22 |       1 |   4.3
        D:4 |     428 |     172 |  28.7 |      23 |       1 |   4.2
            +---------+---------+-------+---------+---------+-------
